AoeStats
← Koti

Golden Pit

509678926Analyzed
1v1 RM · 5d ago on Sep 27, 2026· 27m 21s· 2 players
Game mode
Random Map
Map size
Tiny (2 player)
Population
200
Speed
Normal
Resources
Standard
Victory
Conquest
Starting age
Dark Age
Ending age
Imperial Age
RankedLock teamsTeams togetherTeam positionsShared explorationLock speedFull tech treeHidden civsTurbo modeCheats
Victory
Defeat
🇪🇸 Shu · Spain
1645
+17
🇫🇷 Bengalis · France
1660
-17
Aldana
7:12 Loom
9:10 Feudal Age
9:45 Man-at-Arms
10:11 Double-Bit Axe
12:18 Town Watch
13:16 Arson
14:45 Fletching
16:39 Wheelbarrow
21:25 Castle Age
19:52 Gold Mining
19:48 Horse Collar
21:34 Crossbowman
22:11 Bodkin Arrow
23:11 Bow Saw
23:01 Heavy Plow
24:24 Ballistics
Koti
10:28 Feudal Age
8:50 Loom
10:35 Feudal Age
15:40 Castle Age
22:10 Fletching
24:10 Padded Archer Armor
25:07 Bodkin Arrow
27:15 Double-Bit Axe
Connection lost

Rejoining the realm…

Still unreachable

The connection could not be restored.

Session expired

The server has moved on; the page needs a fresh start.